Map: Honorgrounds LE

Players

Zeratul

  • Race: Protoss Protoss
  • League: Diamond
  • Spawn Location: 5:00

Musumeci - Winner!

  • Race: Zerg Zerg
  • League: Diamond
  • Spawn Location: 11:00

VOD

Have the link to the VOD?

Description

Time

  • Played on: Feb. 23, 2017, 1:09 p.m.
  • Length: 13:44
Show
View Real Time Build Order
Export as new Build Order

Zeratul Protoss 

Build Orders: Nexus First, Oracle Opening 

Get SALT Encoding   

  12  0:01  Probe (Chrono Boost)  
  13  0:15  Pylon  
  13  0:18  Probe (Chrono Boost)  
  14  0:29  Probe (Chrono Boost)  
  15  0:39  Probe (Chrono Boost)  
  16  0:59  Nexus  
  16  1:11  Gateway  
  16  1:19  Assimilator  
  16  1:30  Forge  
  16  1:33  Probe (Chrono Boost)  
  16  1:36  Assimilator  
  17  1:46  Pylon  
  17  1:49  Probe (Chrono Boost)  
  18  2:02  Probe (Chrono Boost)  
  19  2:11  Cybernetics Core  
  19  2:13  Probe (Chrono Boost)  
  20  2:17  Probe (Chrono Boost)  
  21  2:25  Pylon  
  23  2:34  Probe (Chrono Boost)  
  24  2:37  Probe (Chrono Boost)  
  25  2:44  Probe (Chrono Boost)  
  25  2:48  Adept, Probe (Chrono Boost)  
  27  2:57  Stargate  
  27  2:59  Probe (Chrono Boost)  
  27  3:03  Probe (Chrono Boost)  
  29  3:10  Mothership Core (Chrono Boost)  
  31  3:13  Probe (Chrono Boost)  
  32  3:24  Probe (Chrono Boost)  
  32  3:25  Pylon  
  33  3:29  Probe (Chrono Boost)  
  34  3:35  Probe (Chrono Boost)  
  34  3:36  Oracle  
  34  3:40  Probe (Chrono Boost)  
  39  3:46  Probe (Chrono Boost)  
  40  3:52  Probe (Chrono Boost)  
  40  3:53  Photon Cannon  
  41  3:57  Probe (Chrono Boost)  
  41  3:58  Stalker  
  44  4:04  Probe (Chrono Boost)  
  44  4:05  Assimilator  
  44  4:07  Probe (Chrono Boost)  
  46  4:19  Pylon  
  46  4:25  Probe (Chrono Boost), Fleet Beacon  
  46  4:26  Probe (Chrono Boost)  
  47  4:40  Probe (Chrono Boost)  
  47  4:41  Probe (Chrono Boost)  
  49  4:50  Probe (Chrono Boost)  
  51  4:53  Probe (Chrono Boost)  
  51  5:01  Probe (Chrono Boost)  
  51  5:05  Probe (Chrono Boost)  
  53  5:11  Probe (Chrono Boost)  
  54  5:17  Probe (Chrono Boost)  
  54  5:21  Carrier  
  55  5:23  Probe (Chrono Boost)  
  55  5:25  Assimilator  
  59  5:44  Nexus  
  59  5:45  Warp Gate  
  59  5:47  Pylon  
  58  6:05  Photon Cannon  
  58  6:14  Gateway  
  58  6:18  Gateway  
  58  6:21  Gateway  
  58  6:22  Stargate  
  58  6:23  Stargate  
  58  6:32  Photon Cannon  
  58  6:45  Probe (Chrono Boost)  
  58  6:46  Probe (Chrono Boost)  
  60  7:06  Carrier  
  66  7:12  Pylon  
  66  7:13  Pylon  
  66  7:15  Pylon  
  64  7:29  Carrier x2  
  70  7:57  Nexus  
  70  7:59  Pylon x2  
  70  8:00  Pylon  
  76  8:22  Photon Cannon  
  76  8:27  Adept x3  
  75  8:46  Photon Cannon  
  75  8:47  Photon Cannon  
  75  8:51  Photon Cannon, Pylon  
  75  8:58  Carrier  
  75  9:02  Gateway x2  
  75  9:03  Pylon  
  75  9:07  Carrier x2, Nexus  
  93  9:15  Probe (Chrono Boost)  
  95  9:17  Assimilator, Probe (Chrono Boost)  
  95  9:18  Graviton Catapult  
  95  9:21  Assimilator  
  95  9:29  Probe (Chrono Boost)  
  96  9:37  Adept  
  104  10:07  Photon Cannon  
  104  10:12  Protoss Shields Level 1  
  106  10:15  Probe x2 (Chrono Boost)  
  106  10:26  Void Ray  
  106  10:27  Probe (Chrono Boost)  
  106  10:28  Probe (Chrono Boost)  
  108  10:32  Void Ray  
  108  10:33  Void Ray  
  120  10:41  Twilight Council  
  120  11:03  Void Ray  
  88  11:20  Stalker x3  
  86  11:37  Void Ray  
  86  11:38  Void Ray  
  86  11:39  Protoss Air Weapons Level 1  
  80  11:45  Void Ray  
  94  11:47  Probe x2 (Chrono Boost)  
  94  11:51  Pylon  
  94  12:06  Probe x2 (Chrono Boost)  
  96  12:14  Nexus  
  96  12:15  Void Ray  
  96  12:16  Pylon  
  96  12:17  Pylon  
  96  12:20  Adept x3  
  102  12:39  Pylon  
  102  12:44  Stalker x2  
  102  12:45  Stalker x2  
  87  13:07  Nexus  
  69  13:24  Adept x2  
  71  13:33  Pylon  
  66  13:37  Stalker, Pylon  
Show
View Real Time Build Order
Export as new Build Order

Musumeci Zerg - Winner!

Build Orders: Hatch First 

Get SALT Encoding   

  12  0:01  Drone  
  13  0:09  Drone  
  14  0:16  Drone, Extractor  
  15  0:41  Hatchery  
  14  0:45  Extractor  
  14  0:46  Drone  
  15  1:01  Spawning Pool  
  14  1:04  Extractor  
  14  1:06  Drone  
  15  1:13  Overlord  
  15  1:38  Drone x2  
  15  1:39  Drone  
  18  1:50  Queen  
  20  2:06  Drone  
  20  2:07  Drone  
  22  2:10  Hatchery  
  22  2:15  Hatchery  
  21  2:20  Drone  
  21  2:21  Drone  
  23  2:25  Drone  
  24  2:33  Queen  
  27  2:37  Zergling x2  
  27  2:41  Extractor  
  26  2:45  Drone  
  26  2:46  Drone  
  26  2:49  Overlord  
  28  2:54  Overlord  
  28  3:08  Queen  
  30  3:19  Drone x6  
  35  3:38  Drone x3  
  35  3:39  Drone x3  
  41  3:45  Spore Crawler  
  41  3:46  Spore Crawler  
  38  3:58  Drone x5, Spore Crawler  
  42  4:03  Metabolic Boost  
  42  4:05  Zergling x2  
  42  4:06  Extractor  
  42  4:07  Zergling x2  
  43  4:18  Drone x5  
  43  4:19  Extractor  
  43  4:20  Extractor  
  46  4:32  Drone x3  
  49  4:40  Overlord  
  49  4:41  Overlord x3  
  49  4:55  Overlord x3  
  49  4:57  Lair  
  49  5:03  Zergling x10  
  49  5:06  Drone x3  
  54  5:33  Drone  
  54  5:34  Drone x12, Baneling Nest  
  66  5:56  Zergling x14  
  71  6:05  Evolution Chamber  
  71  6:06  Hydralisk Den  
  71  6:07  Pneumatized Carapace  
  71  6:09  Zergling x16  
  76  6:37  Muscular Augments  
  76  6:42  Zergling x2  
  76  6:43  Zergling x14  
  83  6:49  Baneling x6  
  83  6:52  Baneling  
  83  6:53  Baneling  
  80  7:14  Zergling x8  
  80  7:15  Zergling x8  
  67  7:40  Drone x13  
  79  7:44  Extractor  
  79  7:45  Extractor  
  79  7:47  Spire x2  
  75  8:05  Zergling x2  
  75  8:06  Zergling x10  
  75  8:12  Hatchery, Extractor  
  78  8:13  Extractor  
  78  8:15  Zergling x4  
  78  8:16  Zergling x6  
  82  8:21  Zerg Melee Weapons Level 1  
  77  8:37  Zergling x6  
  77  8:38  Zergling x10  
  82  8:46  Zergling x14  
  82  8:48  Overlord x3  
  79  9:04  Zerg Flyer Weapons Level 1, Zerg Flyer Armor Level 1  
  79  9:07  Drone x2  
  79  9:08  Drone x3  
  79  9:09  Drone  
  84  9:24  Corruptor x9  
  90  9:50  Corruptor x10  
  90  9:51  Corruptor x2  
  112  10:01  Zergling x2  
  112  10:02  Zergling x8  
  116  10:13  Queen  
  118  10:15  Drone  
  118  10:17  Drone x8  
  118  10:18  Overlord  
  118  10:19  Overlord  
  127  10:29  Spore Crawler  
  127  10:33  Zergling x2  
  127  10:34  Overlord  
  127  10:35  Overlord  
  127  10:36  Baneling x6  
  127  10:39  Centrifical Hooks  
  127  10:51  Baneling x4  
  122  11:08  Zergling x38  
  131  11:25  Corruptor x7  
  127  11:52  Mutalisk x11  
  127  11:53  Mutalisk x2  
  145  12:29  Zergling x2  
  135  12:30  Zergling x22  
  135  12:33  Mutalisk x5  
  135  12:34  Mutalisk x2  
  152  12:59  Zergling x2  
  152  13:00  Zergling x14  
Tags
 
Add a new tag
Caveats
  • Supply blocks, unpowered buildings, or Contaminate may cause inaccurate times.
  • Supply counts are checked every 10 seconds.